 Dungeon Crawl Stone Soup version 0.27-a0-577-ge2a43ba0c9 (webtiles) character file.

Game seed: 16575050722741239838

58089 sahdkjhfkaj the Gelid (level 14, -13/78 HPs)
             Began as a Deep Elf Ice Elementalist on Mar 9, 2021.
             Was an Elder of Sif Muna.
             Mangled by a deep elf archer
             ... wielding a +0 dagger
              (17 damage)
             ... on level 14 of the Dungeon.
             The game lasted 00:51:56 (35743 turns).

sahdkjhfkaj the Gelid (Deep Elf Ice Elementalist)  Turns: 35743, Time: 00:51:56

Health: -13/78     AC: 11    Str:  2    XL:     14   Next: 48%
Magic:  12/44      EV: 16    Int: 26    God:    Sif Muna [****..]
Gold:   1502       SH:  0    Dex: 25    Spells: 28/43 levels left

rFire    . . .     SeeInvis .   a - +7 long sword "Killer Klown's Foe" {vorpal, *Rage rN+ Str-3 Dex+7, !a}
rCold    . . .     Faith    .   (no shield)
rNeg     + . .     Spirit   .   C - +0 steam dragon scales
rPois    +         Reflect  .   w - +0 helmet
rElec    .         Harm     .   u - +1 cloak
rCorr    .         Rampage  .   G - +2 pair of gloves {Dex+3}
Will     +....     Rnd*Rage +   (no boots)
Stlth    +++++.....             (no amulet)
HPRegen  0.23/turn              k - ring of poison resistance
MPRegen  0.29/turn              F - ring of magical power

@: studying Polearms
A: no striking features
a: Renounce Religion, Channel Magic, Forget Spell, Divine Exegesis


You were on level 14 of the Dungeon.
You worshipped Sif Muna.
Sif Muna was greatly pleased with you.
You visited 3 branches of the dungeon, and saw 21 of its levels.

You collected 1502 gold pieces.

Inventory:

Hand Weapons
 a - the +7 long sword "Killer Klown's Foe" (weapon) {vorpal, *Rage rN+ Str-3 Dex+7, !a}
   (You found it on level 8 of the Dungeon)

   It inflicts extra damage upon your enemies.
   It affects your strength (-3).
   It affects your dexterity (+7).
   It protects you from negative energy.
   It may make you go berserk in combat.
Missiles
 R - a throwing net
Armour
 u - a +1 cloak (worn)
 w - a +0 helmet (worn)
 C - +0 steam dragon scales (worn)
 G - a +2 pair of gloves of dexterity (worn)
Jewellery
 k - a ring of poison resistance (left hand)
 r - a ring of see invisible
 E - a ring of willpower
 F - a ring of magical power (right hand)
 H - a ring of willpower
 L - a ring of magical power
 O - a ring of flight
 P - a +6 ring of strength
 Q - a +4 ring of evasion
 V - a +6 ring of dexterity
Wands
 m - a wand of polymorph (31)
 t - a wand of paralysis (29)
 v - a wand of iceblast (35)
 y - a wand of acid (12)
 K - a wand of flame (26)
 M - a wand of digging (15)
 X - a wand of random effects (28)
Scrolls
 b - 7 scrolls of amnesia
 c - 6 scrolls of enchant armour
 d - 6 scrolls of enchant weapon
 e - 5 scrolls of blinking
 g - 8 scrolls of teleportation
 i - 6 scrolls of magic mapping
 j - 3 scrolls of vulnerability
 l - a scroll of fear
 o - 3 scrolls of fog
 A - a scroll of immolation
 S - 2 scrolls of identify
 T - a scroll of holy word
Potions
 f - 8 potions of attraction
 h - 3 potions of haste
 n - 6 potions of curing
 p - 7 potions of flight
 q - 4 potions of mutation
 s - 3 potions of resistance {unknown}
 x - 3 potions of cancellation {unknown}
 z - 2 potions of invisibility {unknown}
 B - 3 potions of lignification {unknown}
 D - 3 potions of heal wounds {unknown}
 I - 2 potions of might {unknown}
 J - 4 potions of brilliance {unknown}
 N - 2 potions of magic {unknown}
Miscellaneous
 U - a phial of floods
 W - a condenser vane


   Skills:
 - Level 5.0 Fighting
 - Level 5.0 Dodging
 - Level 9.0 Stealth
 - Level 4.0 Shields
 - Level 15.0 Spellcasting
 - Level 3.0 Conjurations
 - Level 3.0 Summonings
 - Level 18.0 Ice Magic
 - Level 9.0 Invocations
 + Level 6.6 Evocations


You had 28 spell levels left.
You knew the following spells:

 Your Spells              Type           Power      Damage    Failure   Level
a - Freeze                Ice            100%       1d11      0%          1
c - Summon Ice Beast      Ice/Summ       65%        N/A       1%          4
d - Hailstorm             Conj/Ice       65%        3d14      1%          4
e - Frozen Ramparts       Ice            100%       1d12      0%          3
o - Ozocubu's Armour      Ice            85%        N/A       0%          3

Your spell library contained the following spells:

 Spells                   Type           Power      Damage    Failure   Level
 Foxfire                  Conj/Fire      100%       2x1d9     1%          1
 Magic Dart               Conj           100%       1d8       1%          1
 Call Imp                 Summ           35%        N/A       1%          2
 Ensorcelled Hibernation  Hex/Ice        100%       N/A       1%          2
 Ice Form                 Ice/Tmut       60%        N/A       1%          4
 Metabolic Englaciation   Hex/Ice        30%        N/A       1%          5
 Beastly Appendage        Tmut           38%        N/A       2%          1
 Corona                   Hex            21%        N/A       2%          1
 Blink                    Tloc           N/A        N/A       4%          2
 Poisonous Vapours        Pois/Air       38%        N/A       4%          2
 Slow                     Hex            19%        N/A       4%          2
 Wereblood                Tmut           19%        N/A       4%          2
 Conjure Flame            Conj/Fire      27%        6-21      4%          3
 Dazzling Flash           Conj/Hex       54%        N/A       4%          3
 Summon Guardian Golem    Hex/Summ       27%        N/A       4%          3
 Mephitic Cloud           Conj/Pois/Air  24%        N/A       5%          3
 Confusing Touch          Hex            19%        N/A       9%          3
 Gell's Gravitas          Tloc           9%         N/A       9%          3
 Spider Form              Tmut/Pois      9%         N/A       9%          3
 Teleport Other           Tloc           19%        N/A       9%          3
 Tukima's Dance           Hex            19%        N/A       9%          3
 Simulacrum               Ice/Necr       30%        N/A       11%         6
 Freezing Cloud           Conj/Ice/Air   27%        6-21      24%         6
 Animate Dead             Necr           9%         N/A       26%         4
 Petrify                  Tmut/Erth      19%        N/A       26%         4
 Lightning Bolt           Conj/Air       13%        1d27      38%         5
 Blade Hands              Tmut           9%         N/A       58%         5
 Borgnjor's Vile Clutch   Necr/Erth      9%         N/A       58%         5
 Yara's Violent Unravell  Hex/Tmut       9%         3d6       58%         5
 Iron Shot                Conj/Erth      13%        9d3       92%         6
 Death Channel            Necr           9%         N/A       99%         6
 Haunt                    Necr/Summ      13%        N/A       100%        7
 Monstrous Menagerie      Summ           17%        N/A       100%        7
 Orb of Destruction       Conj           17%        9d8       100%        7
 Spellforged Servitor     Conj/Summ      17%        N/A       100%        7


Dungeon Overview and Level Annotations

Branches:
Dungeon (14/15)            Temple (1/1) D:5            Lair (6/6) D:10
  Swamp (0/4) Lair:2       Spider (0/4) Lair:4        Slime (0/5) Lair:6
    Orc (0/2) D:11
 Vaults: D:13-14

Altars:
Ashenzari
Cheibriados
Dithmenos
Elyvilon
Fedhas
Gozag
Hepliaklqana
Kikubaaqudgha
Makhleb
Nemelex Xobeh
Okawaru
Qazlal
Ru
Sif Muna
Trog
Uskayaw
Vehumet
Wu Jian
Xom
Yredelemnul
Zin
The Shining One
Jiyva

Shops:
D:8 =(?!?

Annotations:
Lair:1 1 runed translucent door
Lair:3 2 transporters, Nieclary's ghost, journeyman TrTm


Message History

The yaktaur unwields a +0 arbalest.
The yaktaur wields a +4 rapier.
The yaktaur misses you. The yaktaur misses your ice beast.
Your ice beast hits the yaktaur.
Your ice beast freezes the yaktaur!
Your ice beast hits the yaktaur.
The yaktaur dies!
Sif Muna accepts your kill.
Your ice beast hits the yaktaur but does no damage.
The centaur shoots an arrow.
The arrow hits you.
Found 24 stones.
Unknown command.
Unknown command.
Casting: Hailstorm (safe; 1% risk of failure)
Confirm with . or Enter, or press ? or * to list all spells.
Okay, then.
Okay, then.
There's nothing to open nearby.
Casting: Hailstorm (safe; 1% risk of failure)
Confirm with . or Enter, or press ? or * to list all spells.
Casting: Hailstorm (safe; 1% risk of failure)
Press: ? - help, Dir - look around, f - activate A cannonade of hail descends around you!
Your ice beast is unaffected. x3; The hail pelts the centaur!
The centaur is severely wounded.
The centaur warrior shoots an arrow.
The arrow hits you! The yaktaur hits you!
* * * LOW HITPOINT WARNING * * *
The centaur shoots an arrow.
The arrow barely misses you. The yaktaur hits you with a +4 rapier!
* * * LOW HITPOINT WARNING * * *
Your ice beast hits the yaktaur.
Your ice beast freezes the yaktaur!
Your ice beast hits the yaktaur.
Your ice beast freezes the yaktaur!
Unknown command.
Unknown command.
Unknown command.
Unknown command.
Blink to where?
Press: ? - help, Dir - move target
As you read the scroll of blinking, it crumbles to dust.
The yaktaur hits your ice beast.
The deep elf archer hits you with a +0 dagger!
You die...

..........)..........#...
(......ยง.Y........#'###..
.#####c#cY#[#####....##..
#c....Y)...# #........
..##.#..#)##..#........ #.
#.#..#.# .#........ #
.##..##. #........ .. #..#
.. ####'###.
#####@.#######......#.
##.....e.............#.
#......#.............#.
#......#.............#.
#......#.............#.
#......#.............#.
#......#.............#.
##.....#............<#.
###+###...............


You could see a deep elf archer (repels missiles), a yaktaur (ally target) and 3
friendly ice beasts.

Vanquished Creatures
  Kirke (Lair:5)
  A boulder beetle (Lair:6)
  Harold (D:7)
  2 hydras
  A catoblepas (Lair:6)
  A deep troll shaman (Lair:6)
  A death knight (D:11)
  A two-headed ogre (D:8)
  10 death yaks
  A skeletal warrior (D:14)
  An unseen horror (D:14)
  2 deep elf pyromancers (D:14)
  An oklob plant (Lair:5)
  A cyclops (D:14)
  A manticore (D:11)
  An orb spider (Lair:4)
  An ugly thing (D:11)
  2 centaur zombies (D:14)
  Maurice (D:8)
  13 elephants
  2 black mambas
  4 cane toads
  Maggie (D:7)
  3 gargoyles
  A rime drake (Lair:5)
  2 komodo dragons
  2 trolls
  5 polar bears
  11 blink frogs
  3 slime creatures (D:13)
  5 dream sheep
  Sigmund (D:6)
  3 shadows
  3 wraiths
  2 hogs (Lair:5)
  4 wyverns
  25 yaks
  A basilisk (Lair:4)
  A steam dragon (D:8)
  An acid dragon (D:14)
  9 water moccasins
  Duvessa (D:5)
  2 black bears (Lair:4)
  6 orc warriors
  2 eyes of draining
  2 sky beasts
  3 ice beasts
  5 centaurs
  A necrophage (D:11)
  11 wolves
  4 ogres
  3 kobold brigands
  A phantom (D:9)
  7 bullfrogs
  Dowan (D:5)
  5 scorpions
  7 killer bees
  4 howler monkeys
  2 electric eels (Lair:4)
  5 wights
  A quasit (D:10)
  5 orc priests
  10 hounds
  2 jellies
  3 centaur skeletons
  A gnoll shaman (D:10)
  Jessica (D:2)
  3 iguanas
  8 orc wizards
  4 worker ants
  A killer bee zombie (D:10)
  A hound skeleton (D:5)
  A howler monkey zombie (D:6)
  A worker ant zombie (D:8)
  14 adders
  16 gnolls
  2 howler monkey skeletons
  A shadow imp (D:7)
  A white imp (D:10)
  2 ufetubi
  2 oozes
  An adder skeleton (D:4)
  2 worms
  4 leopard geckos
  35 orcs
  3 ball pythons
  12 bats
  7 giant cockroaches
  8 goblins
  7 hobgoblins
  11 jackals
  3 quokkas
  4 frilled lizards
  A jackal skeleton (D:8)
  21 kobolds
  A leopard gecko skeleton (D:4)
  6 rats
411 creatures vanquished.

Vanquished Creatures (collateral kills)
  Jorgrun (D:13)
  Snorg (D:12)
  2 hydras
  A two-headed ogre (D:13)
  4 death yaks
  A lindwurm (Lair:6)
  A swamp dragon (Lair:2)
  2 wolf spider zombies
  A cyclops (D:14)
  2 deep elf pyromancers (D:14)
  6 elephants
  3 black mambas
  5 cane toads
  2 torpor snails (Lair:6)
  A centaur skeleton (D:12)
  A tengu conjurer (D:13)
  A rime drake (Lair:6)
  A yaktaur (D:14)
  4 komodo dragons
  A kobold demonologist (D:13)
  2 trolls (D:13)
  3 polar bears
  5 blink frogs
  6 dream sheep
  2 slime creatures (D:13)
  A water elemental (D:13)
  A wyvern (Lair:5)
  A wraith (D:14)
  A human (Lair:5)
  4 hogs (Lair:5)
  7 yaks
  4 basilisks
  15 water moccasins
  2 orc warriors
  A sky beast (D:11)
  2 ice beasts
  2 necrophages
  An eye of draining (D:13)
  5 wolves
  A phantom (D:8)
  A kobold brigand (D:12)
  7 bullfrogs
  A water moccasin skeleton (D:7)
  An electric eel (D:13)
  3 jellies
  2 bullfrog zombies
  An orc priest (D:11)
  An iguana (Lair:2)
  2 worker ants
  A killer bee zombie (D:7)
  2 adders (D:12)
  A white imp (D:7)
  14 orcs
  2 kobolds (D:8)
  A bush (Lair:1)
147 creatures vanquished.

Vanquished Creatures (others)
  A deep elf zephyrmancer (D:14)
  2 orcs (D:14)
  A kobold (D:14)
  A bush (Lair:5)
  A fire vortex (Lair:6)
  76 fungi
  73 plants
  7 toadstools (Lair:1)
162 creatures vanquished.

Grand Total: 720 creatures vanquished

Notes
Turn   | Place    | Note
-------+----------+-------------------------------------------
     0 | D:1      | sahdkjhfkaj the Deep Elf Ice Elementalist began the quest
                  | for the Orb.
     0 | D:1      | Reached XP level 1. HP: 10/10 MP: 6/6
   264 | D:1      | Reached XP level 2. HP: 14/15 MP: 7/9
  1096 | D:2      | Reached skill level 5 in Spellcasting
  1096 | D:2      | Reached XP level 3. HP: 19/19 MP: 7/11
  1101 | D:2      | Learned a level 3 spell: Frozen Ramparts
  1124 | D:2      | Noticed Jessica
  1132 | D:2      | Killed Jessica
  1133 | D:2      | Reached XP level 4. HP: 23/24 MP: 3/14
  2466 | D:2      | Reached skill level 5 in Ice Magic
  2815 | D:3      | HP: 1/24 [orc priest/divine providence (10)]
  3112 | D:3      | Reached XP level 5. HP: 24/28 MP: 10/15
  3384 | D:3      | Reached skill level 6 in Ice Magic
  4108 | D:3      | Reached XP level 6. HP: 31/32 MP: 15/17
  4303 | D:4      | Noticed an orc warrior
  4328 | D:4      | Killed an orc warrior
  4329 | D:4      | Reached skill level 7 in Ice Magic
  4340 | D:3      | Learned a level 3 spell: Ozocubu's Armour
  5247 | D:5      | Entered Level 5 of the Dungeon
  5274 | D:5      | Noticed Dowan
  5275 | D:5      | Noticed Duvessa
  5285 | D:5      | Killed Duvessa
  5286 | D:5      | Reached skill level 8 in Ice Magic
  5286 | D:5      | Reached XP level 7. HP: 24/36 MP: 11/18
  5303 | D:5      | Killed Dowan
  5570 | D:5      | Reached skill level 9 in Ice Magic
  5575 | D:5      | Learned a level 4 spell: Hailstorm
  5825 | D:5      | Found a staircase to the Ecumenical Temple.
  5909 | Temple   | Entered the Ecumenical Temple
  6036 | D:6      | Reached skill level 1 in Conjurations
  6434 | D:6      | Noticed Sigmund
  6452 | D:6      | Killed Sigmund
  6458 | D:6      | Learned a level 4 spell: Summon Ice Beast
  6568 | D:6      | Reached XP level 8. HP: 41/41 MP: 9/19
  6994 | D:6      | Found a white marble altar of Elyvilon.
  7135 | D:6      | Reached skill level 10 in Ice Magic
  8229 | D:7      | Identified the Compendium of Dislocated Battle Magic
  8494 | D:7      | Reached skill level 11 in Ice Magic
  8658 | D:7      | Noticed Maggie
  8670 | D:7      | Killed Maggie
  8671 | D:7      | Reached XP level 9. HP: 22/45 MP: 5/20
  8899 | D:7      | Noticed a gargoyle
  8913 | D:7      | Killed a gargoyle
  8914 | D:7      | Reached skill level 12 in Ice Magic
  8914 | D:7      | Reached skill level 1 in Shields
  9174 | D:7      | Found a shimmering blue altar of Sif Muna.
  9192 | D:7      | Became a worshipper of Sif Muna the Loreminder
  9349 | D:7      | Noticed Harold
  9361 | D:7      | Killed Harold
  9665 | D:8      | Found Vickyes's Magic Scroll Shop.
  9670 | D:8      | Found Ehemale's Weapon Boutique.
  9892 | D:8      | Noticed a two-headed ogre
  9900 | D:8      | Killed a two-headed ogre
 10041 | D:8      | Reached XP level 10. HP: 50/50 MP: 15/21
 10084 | D:8      | Noticed Maurice
 10290 | D:8      | Found Zulang's Distillery.
 10314 | D:8      | Reached * piety under Sif Muna
 10808 | D:8      | Reached skill level 5 in Stealth
 11016 | D:8      | Found Yptuas's Magic Scroll Emporium.
 11031 | D:8      | Reached skill level 1 in Evocations
 11517 | D:8      | Killed Maurice
 11639 | D:8      | Found Haungune's Jewellery Emporium.
 11820 | D:8      | Found Vickyes's Magic Scroll Shop.
 11837 | D:8      | Found Ehemale's Weapon Boutique.
 11886 | D:8      | Found Yptuas's Magic Scroll Emporium.
 11962 | D:8      | Found Zulang's Distillery.
 12264 | D:8      | Found Haungune's Jewellery Emporium.
 12395 | D:8      | Found Yptuas's Magic Scroll Emporium.
 12492 | D:8      | Found Vickyes's Magic Scroll Shop.
 12496 | D:8      | Found Ehemale's Weapon Boutique.
 12579 | D:8      | Found Zulang's Distillery.
 12792 | D:8      | Identified the +7 long sword "Killer Klown's Foe" {vorpal,
                  | *Rage rN+ Str-3 Dex+7}
 13004 | D:9      | Reached skill level 5 in Evocations
 13004 | D:9      | Reached skill level 1 in Fighting
 13915 | D:10     | Entered Level 10 of the Dungeon
 13917 | D:10     | Reached ** piety under Sif Muna
 14390 | D:10     | Noticed a gargoyle
 14401 | D:10     | Killed a gargoyle
 15203 | D:10     | Found a staircase to the Lair.
 15211 | Lair:1   | Entered Level 1 of the Lair of Beasts
 15212 | Lair:1   | Upgraded the game from 0.27-a0-562-g0d39f094a4 to
                  | 0.27-a0-577-ge2a43ba0c9
 15223 | Lair:1   | Reached skill level 5 in Fighting
 15299 | Lair:1   | Noticed an eight-headed hydra
 15311 | Lair:1   | Killed an eight-headed hydra
 15312 | Lair:1   | Reached XP level 11. HP: 63/63 MP: 19/25
 15796 | Lair:1   | Reached skill level 10 in Spellcasting
 16003 | Lair:1   | Reached *** piety under Sif Muna
 16570 | Lair:1   | Noticed a lindwurm
 16570 | Lair:1   | Noticed a catoblepas
 16593 | Lair:1   | Found a runed translucent door.
 16785 | Lair:2   | Found a staircase to the Swamp.
 16785 | Lair:2   | Noticed a swamp dragon
 16794 | Lair:2   | Killed a swamp dragon
 16890 | Lair:2   | You fall into a shaft and drop 1 floor!
 17003 | Lair:3   | Found a transporter.
 17012 | Lair:3   | Found a transporter.
 17017 | Lair:3   | Noticed Nieclary's ghost (journeyman TrTm)
 17350 | Lair:3   | Reached skill level 13 in Ice Magic
 17405 | Lair:3   | Noticed a four-headed hydra
 17414 | Lair:3   | Killed a four-headed hydra
 17663 | Lair:3   | Reached skill level 5 in Dodging
 18875 | Lair:4   | Identified a scroll of acquirement
 18876 | Lair:4   | Acquired a +2 pair of gloves of dexterity
 18891 | Lair:4   | Reached XP level 12. HP: 68/68 MP: 19/30
 19222 | Lair:4   | Found a hole to the Spider Nest.
 19660 | Lair:4   | Noticed a death yak
 19663 | Lair:4   | Noticed a death yak
 19665 | Lair:4   | Noticed a death yak
 19675 | Lair:4   | Killed a death yak
 19676 | Lair:4   | Killed a death yak
 19703 | Lair:4   | Killed a death yak
 19973 | Lair:4   | Reached skill level 14 in Ice Magic
 20836 | Lair:5   | Reached **** piety under Sif Muna
 21099 | Lair:5   | Noticed a death yak
 21116 | Lair:5   | Killed a death yak
 21266 | Lair:5   | Noticed a death yak
 21272 | Lair:5   | Noticed a death yak
 21272 | Lair:5   | Noticed a death yak
 21272 | Lair:5   | Noticed a death yak
 21273 | Lair:5   | Noticed a death yak
 21278 | Lair:5   | Killed a death yak
 21469 | Lair:5   | Reached skill level 15 in Ice Magic
 21848 | Lair:5   | Noticed an eight-headed hydra
 21855 | Lair:5   | Killed an eight-headed hydra
 21994 | Lair:5   | Noticed Kirke
 22222 | Lair:5   | Killed Kirke
 22223 | Lair:5   | Reached skill level 15 in Spellcasting
 22223 | Lair:5   | Reached XP level 13. HP: 72/72 MP: 15/34
 22438 | Lair:5   | Reached ***** piety under Sif Muna
 22963 | Lair:5   | Reached skill level 16 in Ice Magic
 23788 | Lair:6   | Entered Level 6 of the Lair of Beasts
 24428 | Lair:6   | Identified Gimmah's Reference Book on Lethal Creation (Sif
                  | Muna gifted it to you on level 6 of the Lair of Beasts)
 24428 | Lair:6   | Received a gift from Sif Muna
 24553 | Lair:6   | Found a viscous altar of Jiyva.
 24553 | Lair:6   | Found a staircase to the Slime Pits.
 24632 | Lair:6   | Reached skill level 17 in Ice Magic
 28351 | D:11     | Reached XP level 14. HP: 78/78 MP: 35/35
 29023 | D:11     | Reached skill level 18 in Ice Magic
 29710 | D:11     | Found a staircase to the Orcish Mines.
 30677 | D:12     | Noticed Snorg
 30685 | D:12     | Killed Snorg
 31934 | D:13     | Found a radiant altar of Vehumet.
 32227 | D:13     | Noticed Jorgrun
 33063 | D:13     | Killed Jorgrun
 33434 | D:13     | Received a gift from Sif Muna
 35742 | D:14     | HP: 3/78 [yaktaur/+4 rapier (13)]
 35743 | D:14     | Mangled by a deep elf archer

Illustrated notes

Levels and vault maps discovered:
D:1:      dpeg_arrival_orchard, layout_rooms, chequers_serial_rivers_large_b
D:2:      layout_rooms, minmay_goblin_kobold_house, uniq_jessica
D:3:      layout_basic
D:4:      layout_basic
D:5:      layout_rooms, temple_doors_ab, uniq_duvessa
D:6:      layout_basic, elyvilon_altar_4, uniq_sigmund
D:7:      kennysheep_spiral_hall, layout_basic, lemuel_round_altar, uniq_harold,
          uniq_maggie
D:8:      layout_basic, serial_shops, shop, shop,
          nicolae_shop_temple_entry_statues_fountains, nicolae_shop_stone, shop,
          minmay_misc_feat_diagonals, minmay_misc_feat_doors,
          minmay_manual_maat, uniq_maurice
D:9:      layout_gridville
D:10:     minmay_evil_eye, layout_basic, lair_entry_dummy, chequers_garden
D:11:     layout_roguey, hiddenorc1_lemuel
D:12:     layout_basic, uniq_snorg
D:13:     layout_cave_pools, basic_altar, fungi_pond_lemuel, uniq_jorgrun
D:14:     minmay_box_of_statues, layout_gridville,
          hangedman_vaults_entry_quadrant_bands, grunt_decor_junction
Temple:   compressed_dpeg_triangle_lava_temple
Lair:1:   gammafunk_lair_enchanted_lake, layout_regular_city, grunt_megastairs_1
Lair:2:   layout_chaotic_city, minmay_swamp_entry_reptiles,
          serial_bayou_shore_b, serial_bayou_shore_b
Lair:3:   layout_roguey, serial_forest, infiniplex_forest_clump_small,
          infiniplex_forest_lined_ring, infiniplex_forest_side_room,
          infiniplex_forest_lined_ring, infiniplex_forest_lined_3,
          infiniplex_forest_clump_long, infiniplex_forest_corner_2,
          infiniplex_forest_lined_room_, gammafunk_ghost_berserking_beasts
Lair:4:   layout_cave_pods, nicolae_spider_entry_orb_guardian, disabler_island,
          infiniplex_staircase_pool
Lair:5:   layout_roguey, minmay_lair_oklob_items, beast_lair_carwin_8,
          serial_bayou_shore_b, serial_bayou_shore_b, uniq_kirke
Lair:6:   grunt_lair_end_beastmaster, layout_gridlike,
          dpeg_slime_entry_enclosed_altar, minivault_24

Skill      XL: |  1  2  3  4  5  6  7  8  9 10 11 12 13 14 |
---------------+-------------------------------------------+-----
Spellcasting   | 4 5 6 8 12 15 | 15.0
Ice Magic      | 5 6 8 9 11 12 13 15 17 18 | 18.0
Conjurations   | 3 |  3.0
Summonings     | 3 |  3.0
Shields        | 4 |  4.0
Invocations    | 6 8 9 |  9.0
Stealth        | 4 5 9 |  9.0
Evocations     | 5 6 |  6.6
Fighting       | 5 |  5.0
Dodging        | 5 |  5.0

Action                   |  1- 3 |  4- 6 |  7- 9 | 10-12 | 13-15 || total
-------------------------+-------+-------+-------+-------+-------++-------
Melee: Unarmed           |     6 |     7 |       |       |       ||    13
       Whip              |       |    31 |       |       |       ||    31
       Dagger            |       |       |    85 |    44 |       ||   129
       Long sword        |       |       |       |    62 |    54 ||   116
 Cast: Freeze            |    42 |    73 |    99 |   177 |   108 ||   499
       Frozen Ramparts   |       |    10 |    18 |    36 |    34 ||    98
       Ozocubu's Armour  |       |       |    13 |     9 |     9 ||    31
       Summon Ice Beast  |       |       |    13 |   149 |   338 ||   500
       Hailstorm         |       |       |       |    67 |   141 ||   208
  Use: Scroll            |       |     8 |     3 |     6 |     8 ||    25
       Potion            |       |       |     2 |     2 |       ||     4
 Stab: Sleeping          |       |     3 |     3 |     3 |     1 ||    10
       Distracted        |       |       |       |     1 |     1 ||     2
Armor: Robe              |    10 |    14 |    32 |       |       ||    56
       Steam dragon scal |       |       |    17 |   100 |   131 ||   248
Dodge: Dodged            |    22 |    76 |   102 |   259 |   244 ||   703
       Rpst.: Long sword |       |       |       |    48 |    65 ||   113

Table legend: (Time is in decaauts)
 A = Elapsed time spent in this place.
 B = Non-inter-level travel time spent in this place.
 C = Inter-level travel time spent in this place.
 D = Time resting spent in this place.
 E = Time spent auto-exploring this place.
 F = Levels seen in this place.
 G = Mean time per level.
                   A        B        C        D        E       F      G
               +--------+--------+--------+--------+--------+-----+--------+
         Total |  35930 |  34732 |   1198 |    875 |  29349 |  21 | 1711.0 |
       Dungeon |  23299 |  22515 |    784 |    599 |  19028 |  14 | 1664.2 |
        Temple |     91 |     79 |     12 |      0 |     79 |   1 |   91.0 |
          Lair |  12539 |  12138 |    401 |    276 |  10241 |   6 | 2089.8 |
               +--------+--------+--------+--------+--------+-----+--------+

Top non-repeatable levels by time:
  Lair:6: 3527 daAuts
  Lair:5: 3150 daAuts
     D:8: 3137 daAuts
    D:12: 2553 daAuts
  Lair:4: 2421 daAuts
    D:13: 2157 daAuts
     D:6: 2002 daAuts
    D:11: 1884 daAuts
     D:1: 1735 daAuts
  Lair:1: 1664 daAuts
  Lair:3: 1661 daAuts
     D:7: 1633 daAuts
    D:10: 1579 daAuts
     D:3: 1523 daAuts
    D:14: 1246 daAuts
